 Dungeon Crawl Stone Soup version 0.31.0-7-gf635a9b802 (webtiles) character file.

Game seed: 7215927854857586376

1041 GloriousHammer the Spear-Bearer (level 8, 0/60 HPs)
             Began as a Formicid Cinder Acolyte on Jan 23, 2024.
             Was an Elder of Ignis.
             Slain by a black bear (2 damage)
             ... on level 5 of the Dungeon.
             The game lasted 00:07:48 (4298 turns).

GloriousHammer the Spear-Bearer (FoCA)              Turns: 4298, Time: 00:07:48

Health: 0/60       AC: 12    Str: 20    XL:     8   Next: 49%
Magic:  9/9        EV:  6    Int: 15    God:    Ignis [****..]
Gold:   251        SH:  5    Dex: 15    Spells: 9/9 levels left

rFire   + . .        a - +0 spear (flame)
rCold   . . .        (no shield)
rNeg    + . .        i - +0 plate armour
rPois   .            (helmet unavailable)
rElec   .            (no cloak)
rCorr   .            u - +0 pair of gloves
SInv    +            (no boots)
Will    .....        h - amulet of reflection Stlth
                     N - ring of positive energy
HPRegen 0.30/turn    D - +6 ring of dexterity
MPRegen 0.11/turn

%: reflection
@: no status effects
A: permanent stasis, dig shafts and tunnels, antennae 3, four strong arms
a: Dig, Shaft Self, Renounce Religion, Fiery Armour, Foxfire Swarm, Rising Flame


You were on level 5 of the Dungeon.
You worshipped Ignis.
Ignis was greatly pleased with you.
You visited 2 branches of the dungeon, and saw 6 of its levels.

You collected 251 gold pieces.

Inventory:

Hand Weapons
 a - a +0 spear of flaming (weapon)
Missiles
 b - 9 boomerangs
 w - 4 poisoned darts
Armour
 i - a +0 plate armour (worn)
 u - a +0 pair of gloves (worn)
Jewellery
 h - an amulet of reflection (around neck)
 s - an amulet of the acrobat
 C - a ring of ice
 D - a +6 ring of dexterity (right hand)
 N - a ring of positive energy (left hand)
Wands
 o - a wand of paralysis (20)
 x - a wand of polymorph (11)
Scrolls
 c - a scroll of summoning {unknown}
 e - 5 scrolls of identify {unknown}
 f - 2 scrolls of teleportation {unknown}
 l - 3 scrolls of enchant weapon
 m - a scroll of fog {unknown}
 n - 2 scrolls of fear {unknown}
 q - a scroll of brand weapon {unknown}
 v - a scroll of enchant armour {unknown}
Potions
 d - a potion of ambrosia {unknown}
 g - a potion of berserk rage {unknown}
 j - a potion of enlightenment {unknown}
 k - 2 potions of degeneration {unknown}
 p - a potion of attraction {unknown}
 r - 3 potions of curing {unknown}
 t - a potion of mutation {unknown}


   Skills:
 - Level 4.0 Fighting
 * Level 8.5 Polearms
 - Level 4.0 Armour
 - Level 0.4 Dodging
 - Level 0.5 Shields
 - Level 1.2 Spellcasting
 - Level 3.4 Fire Magic


You had 9 spell levels left.
You didn't know any spells.
Your spell library contained the following spells:

 Spells                   Type           Power      Damage    Failure   Level
 Scorch                   Fire           22%        2d5       94%         2
 Apportation              Tloc           0%         N/A       100%        1
 Freeze                   Ice            0%         1d3       100%        1
 Magic Dart               Conj           0%         1d3       100%        1
 Necrotise                Necr           0%         1d4       100%        1
 Sting                    Conj/Alch      0%         1d3       100%        1
 Summon Small Mammal      Summ           0%         N/A       100%        1
 Call Imp                 Summ           0%         N/A       100%        2
 Mercury Vapours          Alch/Air       0%         N/A       100%        2
 Dazzling Flash           Conj/Hex       0%         N/A       100%        3
 Frozen Ramparts          Ice            0%         1d1       100%        3
 Gell's Gravitas          Tloc           0%         N/A       100%        3
 Hailstorm                Conj/Ice       0%         3d5       100%        3
 Mephitic Cloud           Conj/Alch/Air  0%         N/A       100%        3
 Teleport Other           Tloc           0%         N/A       100%        3
 Olgreb's Toxic Radiance  Alch           0%         N/A       100%        4
 Curse of Agony           Necr           0%         N/A       100%        5
 Silence                  Hex/Air        0%         N/A       100%        5
 Dispersal                Tloc           0%         N/A       100%        6
 Blink                    Tloc           Unusable   N/A       N/A         2

Dungeon Overview and Level Annotations

Branches:
Dungeon (5/15)             Temple (1/1) D:5

Altars:
Ashenzari
Dithmenos
Elyvilon
Fedhas
Gozag
Hepliaklqana
Kikubaaqudgha
Nemelex Xobeh
Okawaru
Sif Muna
Uskayaw
Wu Jian
Zin

Shops:
D:1 :   D:4 *


Innate Abilities, Weirdness & Mutations

You cannot be hasted, slowed, berserked, paralysed or teleported.
You can dig through walls and to a lower floor.
You have a pair of large antennae on your head. (SInv)
Your four strong arms can wield two-handed weapons with a shield.


Message History

A black bear comes into view.
There are monsters nearby!
The black bear growls angrily.
You reach to attack!
You hit the ogre. You burn the ogre.
The ogre is lightly wounded.
You hit the ogre but do no damage.
The ogre is lightly wounded.
You block the ogre's attack.
You hit the ogre but do no damage.
The ogre is lightly wounded.
You hit the ogre. You burn the ogre.
The ogre is moderately wounded.
You puncture the ogre! You burn the ogre.
The ogre is severely wounded.
The ogre hits you with a +0 giant club!!
You puncture the ogre! You burn the ogre.
The ogre is almost dead.
You hit the ogre. You burn the ogre.
You kill the ogre!
Unknown command.
You hit the black bear. You burn the black bear.
The black bear is lightly wounded.
The black bear barely misses you.
The black bear claws you but does no damage. x2
You hit the black bear. You burn the black bear.
The black bear is moderately wounded.
You hit the black bear. You burn the black bear.
The black bear is heavily wounded.
The black bear closely misses you.
The black bear claws you but does no damage. x2
You hit the black bear. You burn the black bear.
The black bear is severely wounded.
You block the black bear's attack.
The black bear claws you but does no damage.
The black bear closely misses you.
You hit the black bear. You burn the black bear.
The black bear is severely wounded.
You closely miss the black bear.
The black bear is severely wounded.
The black bear goes berserk!
You hit the black bear. You burn the black bear.
The black bear is almost dead.
The black bear bites you. The black bear barely misses you.
The black bear claws you but does no damage.
You barely miss the black bear.
The black bear is almost dead.
The black bear bites you.
The black bear claws you but does no damage. x2
You barely miss the black bear.
The black bear is almost dead.
The black bear bites you. You block the black bear's attack.
The black bear claws you but does no damage.
You closely miss the black bear.
The black bear is almost dead.
You block the black bear's attack.
The black bear claws you but does no damage. x2
You hit the black bear but do no damage.
The black bear is severely wounded.
The black bear barely misses you.
The black bear claws you but does no damage. x2
You hit the black bear but do no damage.
The black bear is severely wounded.
The black bear bites you!
* * * LOW HITPOINT WARNING * * *
The black bear claws you but does no damage.
The black bear claws you.
* * * LOW HITPOINT WARNING * * *
You hit the black bear but do no damage.
The black bear is severely wounded.
You block the black bear's attack. The black bear claws you.
* * * LOW HITPOINT WARNING * * *
The black bear claws you but does no damage.
Unknown command.
Activating: Foxfire Swarm
Press: ? - help, Dir - look around, f - activate Flames leap up around you!
The black bear bites you but does no damage.
The black bear claws you but does no damage. x2
The black bear closely misses you. The black bear claws you.
* * * LOW HITPOINT WARNING * * *
The black bear claws you but does no damage.
Your foxfire dissipates!
The foxfire hits the black bear but does no damage.
The black bear is severely wounded.
The foxfire hits the black bear.
The black bear is severely wounded.
The foxfire hits the black bear.
The black bear is almost dead.
The black bear rages.
You see here a +0 dagger.
You hit the black bear. You burn the black bear.
The black bear is almost dead.
The black bear closely misses you. The black bear claws you.
* * * LOW HITPOINT WARNING * * *
You block the black bear's attack.
Your foxfire dissipates!
The black bear rages.
The black bear attacks as it pursues you!
The black bear bites you.
You die...

#.# #.# #
#.##.####.
#....h....
#.##......
#.########
#.).§#
####h# #@#
#§# #§#
#§# ##.#
#..# #.##
#.# #.#


You could see a black bear (berserk).

Vanquished Creatures
  4 water moccasins (D:4)
  An ogre (D:5)
  A howler monkey (D:4)
  A gnoll bouda (D:5)
  2 orc priests
  3 hounds
  Jessica (D:3)
  2 orc wizards (D:5)
  6 gnolls (D:5)
  5 adders
  2 dart slugs
  6 ribbon worms
  14 orcs
  6 bats
  5 endoplasms
  16 giant cockroaches
  4 goblins
  2 hobgoblins (D:2)
  8 jackals
  6 quokkas
  3 ball pythons
  4 frilled lizards
  7 kobolds
  6 rats
115 creatures vanquished.

Vanquished Creatures (others)
  3 foxfires (D:5)
3 creatures vanquished.

Grand Total: 118 creatures vanquished

Notes
Turn   | Place    | Note
-------+----------+-------------------------------------------
     0 | D:1      | GloriousHammer the Formicid Cinder Acolyte began the quest
                  | for the Orb.
     0 | D:1      | Reached XP level 1. HP: 18/18 MP: 2/2
    94 | D:1      | Reached XP level 2. HP: 24/24 MP: 3/3
   121 | D:1      | Found Icroipao's Book Shoppe.
   757 | D:1      | Reached XP level 3. HP: 29/29 MP: 4/4
  1119 | D:2      | Reached XP level 4. HP: 32/37 MP: 5/5
  1327 | D:2      | Reached skill level 4 in Polearms
  1709 | D:3      | Reached XP level 5. HP: 41/42 MP: 6/6
  2106 | D:3      | Found an iron altar of Okawaru.
  2106 | D:3      | Found an ornate altar of the Wu Jian Council.
  2126 | D:3      | Noticed Jessica
  2148 | D:3      | Killed Jessica
  2149 | D:3      | Reached skill level 1 in Armour
  2160 | D:3      | Found a shimmering blue altar of Sif Muna.
  2440 | D:3      | Found an ancient bone altar of Kikubaaqudgha.
  2442 | D:3      | Found a blossoming altar of Fedhas.
  2873 | D:4      | Found Lielourio's Serpentskin Sales.
  2873 | D:4      | Noticed a water moccasin
  2873 | D:4      | Noticed a water moccasin
  2873 | D:4      | Noticed a water moccasin
  2875 | D:4      | Noticed a water moccasin
  2887 | D:4      | Killed a water moccasin
  2888 | D:4      | Reached skill level 5 in Polearms
  2888 | D:4      | Reached XP level 6. HP: 24/48 MP: 7/7
  2892 | D:4      | Killed a water moccasin
  2893 | D:4      | Reached XP level 7. HP: 25/54 MP: 8/8
  2897 | D:4      | Killed a water moccasin
  2898 | D:4      | Reached skill level 6 in Polearms
  2902 | D:4      | Killed a water moccasin
  3167 | D:4      | Reached skill level 7 in Polearms
  3604 | D:5      | Entered Level 5 of the Dungeon
  3624 | D:5      | Reached XP level 8. HP: 60/60 MP: 9/9
  3668 | D:5      | Found a staircase to the Ecumenical Temple.
  3687 | Temple   | Entered the Ecumenical Temple
  4078 | D:5      | Reached skill level 8 in Polearms
  4297 | D:5      | HP: 2/60 [black bear (6)]
  4298 | D:5      | Slain by a black bear

Illustrated notes

Levels and vault maps discovered:
D:1:      roadster_arrival_rocket_large, layout_loops_ring, serial_shops, shop
D:2:      minmay_roachtagon, layout_rooms
D:3:      layout_loops_corners, grunt_temple_overflow_growth_and_decay,
          gammafunk_temple_overflow_wave, tgw_sif, minmay_misc_feat_pillars,
          minmay_misc_feat_plants, minmay_misc_feat_hallway
D:4:      layout_loops_ring, guppyfry_shop_venom
D:5:      layout_loops_ring, minmay_temple_entry_junction,
          nicolae_figureground_pulse
Temple:   nicolae_temple_superstar

Skill      XL: |  1  2  3  4  5  6  7  8 |
---------------+-------------------------+-----
Polearms       | 4 5 7 8 |  8.5
Armour         | 2 3 4 |  4.0
Fighting       | 4 |  4.0
Dodging        | |  0.4
Shields        | |  0.5
Spellcasting   | |  1.2
Fire Magic     | |  3.4

Action                     |  1- 3 |  4- 6 |  7- 9 || total
---------------------------+-------+-------+-------++-------
  Melee: Spear             |   121 |   174 |   186 ||   481
         Punch             |       |       |     4 ||     4
 Invoke: Fiery Armour      |       |     2 |     1 ||     3
         Foxfire Swarm     |       |       |     1 ||     1
  Evoke: Wand              |       |     1 |       ||     1
    Use: Scroll            |       |     1 |       ||     1
   Stab: Sleeping          |     2 |       |       ||     2
         Paralysed         |       |     6 |       ||     6
 Armour: Robe              |    15 |       |       ||    15
         Plate armour      |    63 |   104 |   113 ||   280
         Scale mail        |     2 |       |       ||     2
  Dodge: Dodged            |    34 |    39 |    26 ||    99
  Block: Other             |    12 |    34 |    22 ||    68
